 Dungeon Crawl Stone Soup version 0.32-a0-656-g3542139ebd (webtiles) character file.

Game seed: 5920315056426145529

4596 gimp the Cleaver (level 10, -2/94 HPs)
             Began as a Gargoyle Fighter on Mar 9, 2024.
             Was a Believer of Trog.
             Slain by an ogre
             ... wielding a +0 halberd
              (5 damage)
             ... in a bailey.
             The game lasted 00:14:20 (6934 turns).

gimp the Cleaver (Gargoyle Fighter)                 Turns: 6934, Time: 00:14:20

Health: -2/94      AC: 25    Str: 22    XL:     10   Next: 41%
Magic:  10/10      EV:  2    Int:  9    God:    Trog [**....]
Gold:   334        SH:  8    Dex: 11    Spells: 9/9 levels left

rFire   + . .        a - +1 war axe (drain)
rCold   . . .        F - +0 kite shield
rNeg    + . .        G - melded +0 acid dragon scales
rPois   ∞            H - melded +0 helmet
rElec   .            w - melded +0 cloak
rCorr   +            (gloves currently unavailable)
SInv    .            (boots currently unavailable)
Will    +++..        (no amulet)
Stlth   +            m - ring of resist corrosion
HPRegen 1.35/turn    t - ring of protection from fire
MPRegen 0.12/turn

%: no passive effects
@: tree-form, strong-willed, on berserk cooldown, enlightened, regenerating,
slowed, studying Axes, very slow
A: stationary, stasis, torment immunity, boosted hp, sickness immunity, AC +7,
negative energy resistance 1, (electricity resistance), torment resistance 1,
petrification resistance
a: Renounce Religion, Berserk, Trog's Hand


You were in a bailey.
You worshipped Trog.
Trog was pleased with you.
You were a tree.
You visited 1 branch of the dungeon, and saw 9 of its levels.
You also visited: Bailey.

You collected 451 gold pieces.
You spent 117 gold pieces at shops.

Inventory:

Hand Weapons
 a - a +1 war axe of draining (weapon)
Missiles
 f - 3 throwing nets
 u - 2 poisoned darts
Armour
 q - a +1 leather armour of cold resistance
 w - a +0 cloak (melded)
 F - a +0 kite shield (worn)
 G - +0 acid dragon scales (melded)
 H - a +0 helmet (melded)
Jewellery
 m - a ring of resist corrosion (left branch)
 t - a ring of protection from fire (right branch)
 x - a ring of see invisible
Wands
 p - a wand of mindburst (1)
 s - a wand of flame (23)
 z - a wand of light (11)
Scrolls
 g - a scroll of revelation
 i - 3 scrolls of teleportation {unknown}
 j - 2 scrolls of immolation {unknown}
 k - 2 scrolls of enchant armour {unknown}
 n - 2 scrolls of fog
 o - 3 scrolls of vulnerability
 A - a scroll of enchant weapon
Potions
 c - a potion of enlightenment
 d - 4 potions of might
 e - a potion of berserk rage
 l - 3 potions of lignification
 r - a potion of resistance
 v - 4 potions of curing
 B - a potion of mutation {unknown}
 C - a potion of ambrosia
 E - a potion of attraction {unknown}


   Skills:
 - Level 7.0 Fighting
 * Level 12.1 Axes
 + Level 6.2 Armour
 - Level 3.2 Shields


You had 9 spell levels left.
You didn't know any spells.
Your spell library contained the following spells:

 Spells                   Type           Power      Damage    Failure   Level
 Fugue of the Fallen      Necr           0%         N/A       95%         3
 Ozocubu's Armour         Ice            0%         N/A       95%         3
 Manifold Assault         Tloc           0%         N/A       100%        4


Dungeon Overview and Level Annotations

Branches:
Dungeon (9/15)             Temple (0/1) D:7            Lair (0/5) D:9
    Orc (0/2) D:9          Bailey (1/1)

Altars:
Ashenzari
Dithmenos
Kikubaaqudgha
Makhleb
Nemelex Xobeh
Ru
Trog
Uskayaw
Vehumet
Wu Jian
Xom
Zin

Shops:
D:5 *   D:6 :   D:7 ([*[


Innate Abilities, Weirdness & Mutations

You are a tree.
Your roots penetrate the ground, keeping you stationary.
You cannot be teleported.
You are immune to unholy pain and torment.
Your maximum health is greatly increased.
Your equipment is partially melded.
You are immune to sickness and miasma.
((Your stone body is resilient. (AC +7)))
You are immune to poison.
You resist negative energy. (rN+)
((You are resistant to electric shocks. (rElec)))
You are resistant to unholy torment.
You are immune to petrification.


Message History

The ogre is almost dead.
The ogre is engulfed in a cloud of scalding steam.
The ogre hits you from afar with a +0 glaive!
The ogre barely misses you. 2 ogres come into view.
You take 6 damage, and have 36/63 hp.
The ogre shouts! x2; You hear a shout!
A red film seems to cover your vision as you go berserk!
You feel yourself moving faster!
You feel mighty!
The ogre is engulfed in a cloud of scalding steam.
You feel the power of Trog in you as your rage grows.
You kill the ogre!
Trog accepts your kill.
You hear a splash.
Your Axes skill increases to level 12!
You now have 54/94 hp.
You feel a strong urge to attack something.
You slice the ogre!!
You kill the ogre!
Trog accepts your kill.
The ogre hits you from afar with a +0 halberd!
You take 13 damage, and have 42/94 hp.
You are too injured to fight recklessly!
You are too injured to fight recklessly!
An ogre comes into view. It is wielding a +0 halberd.
The ogre shouts!
You see here a +0 halberd.
You are too injured to fight recklessly!
You are too injured to fight recklessly!
You are too injured to fight recklessly!
You slash the ogre!
The ogre is severely wounded.
You block the ogre's attack. The ogre barely misses you.
You completely miss the ogre.
The ogre is severely wounded.
The ogre barely misses you.
You slash the ogre!
You kill the ogre!
Trog accepts your kill. You block the ogre's attack.
You are too berserk!
Unknown command.
You are too berserk!
Unknown command.
You are too berserk!
You feel a strong urge to attack something.
You are no longer berserk.
You are exhausted.
You feel yourself slow down. The ogre barely misses you.
You now have 29/63 hp.
Okay, then.
Okay, then.
Unknown command.
Okay, then.
Your skin crawls.
You feel strong-willed. You block the ogre's attack. x2
The ogre hits you from afar with a +3 halberd!!
* * * LOW HITPOINT WARNING * * *
You take 19 damage, and have 10/63 hp.
MASSIVE DAMAGE!!
Okay, then.
Okay, then.
Unknown command.
Unknown command.
Unknown command.
Press: ? - help, v - describe, . - travel
Here: an ogre, wielding a +0 halberd Some shallow water.
Unknown command.
You turn into a tree.
Your +0 cloak melds into your body.
Your +0 helmet melds into your body.
Your +0 acid dragon scales melds into your body.
Your roots penetrate the ground.
The ogre hits you but does no damage. x3
You now have 17/94 hp.
Aiming: Mindburst
Press: ? - help, Shift-Dir - straight line, f - ogre
Aim: an ogre, wielding a +3 halberd (chance to affect: 64%)
Okay, then.
Throw: dart (curare)
Press: ? - help, Q - select action, (/) - cycle Shift-Dir - straight line, f - ogre
Aim: an ogre, wielding a +3 halberd (72% to hit)
You throw a curare-tipped dart. The curare-tipped dart hits the ogre.
The ogre is poisoned.
The ogre struggles to breathe.
The ogre seems to slow down.
The ogre is moderately wounded.
You hear a splash.
The ogre hits you from afar with a +0 halberd!
* * * LOW HITPOINT WARNING * * *
You block the ogre's attack.
The ogre hits you from afar with a +3 halberd!
* * * LOW HITPOINT WARNING * * *
You take 16 damage, and have 1/94 hp.
Okay, then.
Unknown command.
Unknown command.
Okay, then.
Unknown command.
It was a potion of enlightenment.
Your roots keep you in place.
The ogre hits you from afar with a +0 halberd.
You die...

### .# ##.##
..# ##...##
#..# #.....#
#..###.....##
#..~~~..∩...#
#..~~~......#
#..~)O).....#
#..~~O)♣....#
#..~~O..∩...#
#..###.....##
#.. #.....# .
##...## ##.##
###


You could see 3 ogres.

Vanquished Creatures
  A cyclops (D:7)
  Joseph (D:7)
  Grinder (D:5)
  A hornet (D:8)
  A yak (D:8)
  An acid dragon (D:8)
  A water moccasin (D:8)
  4 ice beasts
  3 sky beasts (D:8)
  An orc warrior (D:7)
  2 black bears
  5 ogres
  4 centaurs (D:8)
  A kobold brigand (D:7)
  A gnoll sergeant (D:7)
  2 scorpions (D:5)
  5 bullfrogs
  A howler monkey (D:4)
  3 orc priests
  2 hounds (D:5)
  A jelly (D:6)
  Ijyb (D:3)
  Terence (D:3)
  A human skeleton (D:8)
  5 iguanas
  7 orc wizards
  A hound skeleton (D:8)
  8 gnolls
  5 adders
  3 shadow imps
  A white imp (D:7)
  4 dart slugs
  A ribbon worm (D:4)
  28 orcs
  5 bats
  6 endoplasms
  3 giant cockroaches
  6 goblins
  9 hobgoblins
  10 ball pythons
  3 frilled lizards
  11 kobolds
  6 rats
167 creatures vanquished.

Notes
Turn   | Place    | Note
-------+----------+-------------------------------------------
     0 | D:1      | gimp the Gargoyle Fighter began the quest for the Orb.
     0 | D:1      | Reached XP level 1. HP: 14/14 MP: 1/1
    67 | D:1      | Reached skill level 2 in Axes
   129 | D:1      | Reached XP level 2. HP: 14/19 MP: 2/2
   391 | D:1      | Reached XP level 3. HP: 21/24 MP: 3/3
   790 | D:2      | Reached skill level 3 in Axes
   860 | D:2      | Reached XP level 4. HP: 29/29 MP: 4/4
  1176 | D:3      | Noticed Ijyb
  1186 | D:3      | Killed Ijyb
  1298 | D:3      | Found a glowing silver altar of Zin.
  1332 | D:3      | Reached XP level 5. HP: 25/34 MP: 5/5
  1530 | D:3      | Found a hide-covered altar of Uskayaw.
  1530 | D:3      | Found a bloodstained altar of Trog.
  1538 | D:3      | Became a worshipper of Trog the Wrathful
  1559 | D:3      | Reached skill level 4 in Axes
  1831 | D:3      | Found a shimmering altar of Xom.
  1832 | D:3      | Found a sparkling altar of Nemelex Xobeh.
  1832 | D:3      | Found a sacrificial altar of Ru.
  1833 | D:3      | Found a broken altar of Ashenzari.
  1893 | D:3      | Noticed Terence
  1902 | D:3      | Killed Terence
  2483 | D:4      | Reached skill level 5 in Fighting
  2483 | D:4      | Reached XP level 6. HP: 40/40 MP: 6/6
  2662 | D:4      | Reached skill level 5 in Axes
  2815 | D:4      | Found a radiant altar of Vehumet.
  3132 | D:4      | Found a shadowy altar of Dithmenos.
  3248 | D:5      | Entered Level 5 of the Dungeon
  3248 | D:5      | Noticed a black bear
  3253 | D:4      | Killed a black bear
  3254 | D:4      | Reached XP level 7. HP: 45/45 MP: 7/7
  3278 | D:5      | Reached * piety under Trog
  3280 | D:5      | Noticed Grinder
  3286 | D:5      | Paralysed by Grinder for 3 turns
  3289 | D:5      | Killed Grinder
  3290 | D:5      | Reached skill level 6 in Axes
  3380 | D:5      | Found Atasa's General Store.
  3393 | D:5      | Reached XP level 8. HP: 52/52 MP: 8/8
  3490 | D:5      | Reached skill level 7 in Axes
  3509 | D:5      | Found an ancient bone altar of Kikubaaqudgha.
  3660 | D:5      | Found an ornate altar of the Wu Jian Council.
  4138 | D:6      | Found Jeyf Hank's Book Boutique.
  4162 | D:5      | Bought a potion of berserk rage for 60 gold pieces
  4362 | D:6      | Reached skill level 8 in Axes
  4637 | D:7      | Found Fezienan's Armour Emporium.
  4657 | D:7      | Found Lagiot's Assorted Antiques.
  4660 | D:7      | Bought a scroll labelled BOKULL KARPH for 21 gold pieces
  4660 | D:7      | Bought a metallic clear potion for 18 gold pieces
  4660 | D:7      | Bought a clear potion for 18 gold pieces
  4685 | D:7      | Noticed a cyclops
  4696 | D:7      | Killed a cyclops
  4697 | D:7      | Reached skill level 9 in Axes
  4697 | D:7      | Reached XP level 9. HP: 40/57 MP: 9/9
  4875 | D:7      | Found Urche's Antique Armour Shop.
  4904 | D:7      | Noticed Joseph
  4934 | D:7      | Killed Joseph
  4935 | D:7      | Reached skill level 10 in Axes
  5471 | D:7      | Found Aminifuh's Antique Weapon Shoppe.
  5589 | D:7      | Reached ** piety under Trog
  5691 | D:7      | Found a staircase to the Ecumenical Temple.
  5954 | D:8      | Reached skill level 11 in Axes
  6230 | D:8      | Reached XP level 10. HP: 53/63 MP: 10/10
  6284 | D:8      | Found a burning altar of Makhleb.
  6400 | D:8      | Reached skill level 5 in Armour
  6885 | D:9      | Identified a scroll of acquirement
  6885 | D:9      | Acquired a manual of Axes
  6892 | D:9      | Found a flagged portal.
  6909 | Bailey   | Entered a bailey
  6922 | Bailey   | Reached skill level 12 in Axes
  6933 | Bailey   | HP: 1/94 [ogre/+3 halberd (7)]
  6934 | Bailey   | Slain by an ogre

Illustrated notes

Levels and vault maps discovered:
D:1:      ldierk_walled_garden, layout_loops_ring
D:2:      layout_basic, chequers_garden, st_stairs_2, minmay_misc_feat_cross,
          serial_bayou_lagoon_a, minmay_misc_feat_four_crosses
D:3:      minmay_angry_zag, layout_basic,
          chequers_temple_overflow_statue_of_worship, zin_scriptorium,
          gammafunk_temple_overflow_wave, uniq_ijyb, uniq_terence
D:4:      layout_basic, nicolae_vehumet_altar_sigil,
          mainiacjoe_overflow_boulevard, chequers_serial_rivers_micro_d
D:5:      layout_cave_pools, mainiacjoe_overflow_surrounded_room,
          lemuel_coloured_pillars_altar, grunt_ministairs_12,
          nicolae_take_the_stairs, uniq_grinder
D:6:      layout_rooms, serial_shops, nicolae_shop_tiny_statue_garden,
          kennysheep_generic_room_5
D:7:      layout_cave_pods, minmay_temple_entry_fiery, serial_shops,
          nicolae_shop_behind_doors, shop, shop, shop, uniq_joseph
D:8:      minmay_octagon_keep, layout_loops_ring, makhleb_blood_cavern_becter
D:9:      layout_loops_ring, erik_lair_orcish_takeover, orc_0_dummy,
          serial_shops, shop, enter_bailey_6, minmay_ruined_shrine
Bailey:   bailey_polearm_enchanted_keep_hellmonk, bailey

Skill      XL: |  1  2  3  4  5  6  7  8  9 10 |
---------------+-------------------------------+-----
Axes           | 2 3 4 5 6 9 11 12 | 12.1
Fighting       | 4 5 6 7 |  7.0
Armour         | 4 6 |  6.2
Shields        | |  3.2

Action                     |  1- 3 |  4- 6 |  7- 9 | 10-12 || total
---------------------------+-------+-------+-------+-------++-------
  Melee: Hand axe          |    80 |    96 |    87 |       ||   263
         War axe           |       |       |   115 |    63 ||   178
  Throw: Dart              |       |       |       |     1 ||     1
 Invoke: Berserk           |       |       |     6 |     2 ||     8
         Trog's Hand       |       |       |       |     1 ||     1
  Evoke: Wand              |       |     7 |     4 |     3 ||    14
    Use: Potion            |       |     1 |       |     2 ||     3
         Scroll            |       |       |     9 |     4 ||    13
 Armour: Scale mail        |    94 |    42 |       |       ||   136
         Skin              |       |     3 |       |     6 ||     9
         Ring mail         |       |    22 |       |       ||    22
         Chain mail        |       |    18 |   146 |       ||   164
         Acid dragon scale |       |       |    28 |    50 ||    78
  Dodge: Dodged            |    51 |    47 |    65 |    27 ||   190
  Block: Buckler           |    24 |    19 |    28 |       ||    71
         Kite shield       |       |       |    20 |    37 ||    57

Table legend: (Time is in decaauts)
 A = Elapsed time spent in this place.
 B = Non-inter-level travel time spent in this place.
 C = Inter-level travel time spent in this place.
 D = Time resting spent in this place.
 E = Time spent auto-exploring this place.
 F = Levels seen in this place.
 G = Mean time per level.
                   A        B        C        D        E       F      G
               +--------+--------+--------+--------+--------+-----+--------+
         Total |   7177 |   6941 |    236 |    163 |   5299 |  10 |  717.7 |
       Dungeon |   7154 |   6918 |    236 |    163 |   5297 |   9 |  794.9 |
        Bailey |     23 |     23 |      0 |      0 |      2 |   1 |   23.0 |
               +--------+--------+--------+--------+--------+-----+--------+

Top non-repeatable levels by time:
     D:7: 1303 daAuts
     D:4: 1082 daAuts
     D:3: 1053 daAuts
     D:8: 954 daAuts
     D:5: 835 daAuts
     D:1: 756 daAuts
     D:6: 642 daAuts
     D:2: 498 daAuts
     D:9: 28 daAuts
  Bailey: 23 daAuts
